 Dungeon Crawl Stone Soup version 0.22.1-1-ga44c0e56f4 (webtiles) character file.

1292 DeShaeron the Skirmisher (level 8, -4/52 HPs)
             Began as a Gargoyle Fighter on Sept 17, 2018.
             Slain by a manticore (7 damage)
             ... on level 6 of the Dungeon on Sept 19, 2018.
             The game lasted 00:24:13 (4511 turns).

DeShaeron the Skirmisher (Gargoyle Fighter)         Turns: 4511, Time: 00:24:14

Health: -4/52      AC: 16    Str: 21    XL:     8   Next: 56%
Magic:  8/8        EV:  8    Int:  9    God:
Gold:   175        SH: 10    Dex: 10    Spells: 7/7 levels left

rFire    . . .     SeeInvis +   B - +2 flail (crush)
rCold    . . .     Gourm    .   c - +0 shield
rNeg     + . .     Faith    .   b - +0 scale mail
rPois    ∞         Spirit   .   s - +0 helmet
rElec    +         Reflect  .   w - +0 cloak
rCorr    .         Harm     .   (no gloves)
MR       .....                  (no boots)
Stlth    ..........             t - amulet of regeneration
HPRegen  0.57/turn              E - ring of see invisible
MPRegen  0.11/turn              (no ring)

@: no status effects
A: negative energy resistance 1, electricity resistance, unbreathing,
petrification resistance, rot immunity, AC +5
a: no special abilities


You were on level 6 of the Dungeon.
You were not hungry.

You visited 1 branch of the dungeon, and saw 6 of its levels.

You collected 175 gold pieces.

Inventory:

Hand Weapons
 a - a +0 war axe
 z - a +4 hand axe
 B - a +2 flail of crushing (weapon)
 D - a +3 scimitar of slicing
Armour
 b - a +0 scale mail (worn)
 c - a +0 shield (worn)
 s - a +0 helmet (worn)
 w - a +0 cloak (worn)
Jewellery
 m - an uncursed ring of ice
 t - an amulet of regeneration (around neck)
 E - a ring of see invisible (left hand)
Wands
 v - a wand of enslavement (3)
 F - a wand of scattershot (5)
Scrolls
 e - a scroll of remove curse
 h - a scroll of teleportation
 i - a scroll of fog {unknown}
 j - 2 scrolls of enchant armour {unknown}
 l - a scroll of amnesia {unknown}
 n - a scroll of identify
 o - a scroll of magic mapping {unknown}
 u - a scroll of enchant weapon {unknown}
 y - a scroll of noise {unknown}
 C - a scroll of immolation {unknown}
Potions
 d - 2 potions of might
 g - a potion of agility
 k - a potion of heal wounds {unknown}
 p - a potion of invisibility {unknown}
 q - a potion of haste
 r - 6 potions of curing
 x - a potion of resistance {unknown}
Comestibles
 f - 8 rations


   Skills:
 * Level 6.9 Fighting
 + Level 4.7 Axes
 * Level 6.7 Armour
 - Level 0.9 Dodging
 + Level 5.4 Shields


You had 7 spell levels left.
You didn't know any spells.
Your spell library contained the following spells:

 Spells                   Type           Power        Failure   Level  Hunger
 Animate Skeleton         Necr           N/A          98%         1    ##.....
 Apportation              Tloc           #.....       98%         1    ##.....
 Confusing Touch          Hex            #.....       98%         1    ##.....
 Summon Small Mammal      Summ           #...         98%         1    ##.....


Dungeon Overview and Level Annotations

Branches:
Dungeon (6/15)
 Temple: D:4-7

Altars:
Makhleb
Nemelex Xobeh
Qazlal
Ru
Trog


Innate Abilities, Weirdness & Mutations

You are resistant to torment.
Your stone body is resilient. (AC +5)
You are immune to poison.
You resist negative energy. (rN+)
You are resistant to electric shocks. (rElec)
You can survive without breathing.
You are immune to petrification.
You are immune to rotting.


Message History

You are too injured to fight recklessly!
You are too injured to fight recklessly!
Unknown command.
You are too injured to fight recklessly!
You are too injured to fight recklessly!
You hit the manticore but do no damage.
The manticore is severely wounded.
The manticore bites you. The manticore barely misses you.
The manticore claws you but does no damage.
The manticore bites you!
* * * LOW HITPOINT WARNING * * *
The manticore closely misses you.
The manticore claws you but does no damage.
You hit the manticore.
The manticore is severely wounded.
The manticore bites you.
* * * LOW HITPOINT WARNING * * *
The manticore claws you but does no damage.
The manticore claws you!
You die...

#.# #.# ... #.#
#.#
#.#######.#.##
#.#...@Hs....#
#.#.#####.....
######## ##.#.#
...
.......###.#..##
.
.#####.##.###..#
.#####.##..#.#.#
..#.......#.##.#
..#.#.......##.#
.#.....##.#.##.#


You could see a manticore and a giant cockroach.

Vanquished Creatures
  Menkaure (D:4)
  A sky beast (D:5)
  2 ogres
  A centaur (D:4)
  Blork the orc (D:5)
  A scorpion (D:3)
  A howler monkey (D:4)
  2 jellies
  A hound (D:5)
  2 orc priests
  3 iguanas
  5 orc wizards
  Crazy Yiuf (D:5)
  A bullfrog skeleton (D:5)
  2 worker ants
  Robin (D:2)
  7 adders
  A shadow imp (D:5)
  An ooze (D:1)
  An adder skeleton (D:4)
  A worm (D:2)
  2 dart slugs
  3 leopard geckos
  7 orcs
  9 giant cockroaches
  14 goblins
  13 hobgoblins
  13 jackals
  A ball python (D:2)
  11 bats
  5 frilled lizards
  2 jackal skeletons
  5 kobolds
  9 rats
  A fungus (D:5)
132 creatures vanquished.

Notes
Turn   | Place    | Note
-------+----------+-------------------------------------------
     0 | D:1      | DeShaeron the Gargoyle Fighter began the quest for the Orb.
     0 | D:1      | Reached XP level 1. HP: 14/14 MP: 1/1
    38 | D:1      | Reached XP level 2. HP: 18/19 MP: 2/2
   231 | D:1      | Reached XP level 3. HP: 24/24 MP: 3/3
   786 | D:2      | Reached XP level 4. HP: 29/29 MP: 4/4
   833 | D:2      | Reached XP level 5. HP: 33/33 MP: 5/5
   836 | D:2      | Noticed Robin
   847 | D:2      | Killed Robin
   888 | D:2      | Upgraded the game from 0.22.1 to 0.22.1-1-ga44c0e56f4
   895 | D:2      | Found a sacrificial altar of Ru.
  1058 | D:2      | Found a faded altar of an unknown god.
  1900 | D:4      | Noticed a centaur
  2344 | D:4      | Killed a centaur
  2344 | D:4      | Reached XP level 6. HP: 39/39 MP: 6/6
  2618 | D:4      | Found a stormy altar of Qazlal.
  2678 | D:4      | Reached skill level 5 in Fighting
  2680 | D:4      | Reached XP level 7. HP: 39/44 MP: 7/7
  2691 | D:4      | Reached skill level 5 in Armour
  2927 | D:4      | Found a sparkling altar of Nemelex Xobeh.
  2939 | D:4      | Noticed Menkaure
  2946 | D:4      | Killed Menkaure
  3407 | D:4      | Found a bloodstained altar of Trog.
  3463 | D:5      | Entered Level 5 of the Dungeon
  3576 | D:5      | Reached XP level 8. HP: 49/51 MP: 8/8
  3587 | D:5      | Noticed Blork the orc
  3596 | D:5      | Reached skill level 5 in Shields
  3606 | D:5      | Killed Blork the orc
  3859 | D:5      | Found a burning altar of Makhleb.
  4243 | D:5      | Found a runed door.
  4247 | D:5      | Noticed Crazy Yiuf
  4250 | D:5      | Killed Crazy Yiuf
  4502 | D:6      | Noticed a manticore
  4511 | D:6      | Slain by a manticore

Skill      XL: |  1  2  3  4  5  6  7  8 |
---------------+-------------------------+-----
Axes           | 2 3 4 |  4.7
Fighting       | 4 5 6 |  6.9
Armour         | 4 5 6 |  6.7
Shields        | 4 5 |  5.4
Dodging        | |  0.9

Action                   |  1- 3 |  4- 6 |  7- 9 || total
-------------------------+-------+-------+-------++-------
Melee: War axe           |   138 |   145 |    57 ||   340
       Hand axe          |       |       |    53 ||    53
       Flail             |       |       |    61 ||    61
Evoke: Wand              |       |       |     1 ||     1
  Use: Scroll            |     1 |     1 |     5 ||     7
       Potion            |       |       |     1 ||     1
 Stab: Paralysed         |       |     1 |       ||     1
  Eat: Chunk             |       |     6 |     3 ||     9
       Ration            |       |       |     1 ||     1
Armor: Scale mail        |    85 |    94 |    76 ||   255
Dodge: Dodged            |    48 |    55 |    54 ||   157
Block: Shield            |    94 |   101 |    87 ||   282
